 Dungeon Crawl Stone Soup version 0.28-a0-124-g73ec313a74 (webtiles) character file.

Game seed: 16703413160109357628

658 voltaire321 the Sneak (level 7, -2/34 (40) HPs)
             Began as a Kobold Enchanter on Aug 15, 2021.
             Slain by a necrophage (3 damage)
             ... on level 4 of the Dungeon.
             The game lasted 00:12:39 (6393 turns).

voltaire321 the Sneak (Kobold Enchanter)            Turns: 6393, Time: 00:12:40

HP:   -2/34 (40)    AC:  3    Str:  6    XL:     7   Next: 85%
MP:   11/12         EV: 16    Int: 17    God:
Gold: 113           SH:  0    Dex: 16    Spells: 4/13 levels left

rFire   . . .      SeeInvis .   c - +1 short sword (flame)
rCold   . . .      Faith    .   (shield restricted)
rNeg    . . .      Spirit   .   b - +0 robe
rPois   .          Reflect  .   h - +0 helmet
rElec   .          Harm     .   (no cloak)
rCorr   .          Rampage  .   (no gloves)
Will    .....                   (no boots)
Stlth   ++++......              (no amulet)
HPRegen 0.11/turn               (no ring)
MPRegen 0.13/turn               (no ring)

@: about to teleport, heavily drained
A: small, no large weapons, nightstalker 3
a: no special abilities


You were on level 4 of the Dungeon.
You visited 1 branch of the dungeon, and saw 4 of its levels.

You collected 113 gold pieces.

Inventory:

Hand Weapons
 a - a +1 vampiric dagger
 c - a +1 short sword of flaming (weapon)
 l - a +0 rapier
Missiles
 d - 19 poisoned darts
Armour
 b - a +0 robe (worn)
 h - a +0 helmet (worn)
Jewellery
 k - a ring of poison resistance
Wands
 q - a wand of flame (30)
 v - a wand of digging (1)
Scrolls
 g - a scroll of identify
 m - a scroll of magic mapping
 p - 2 scrolls of fog
 s - a scroll of enchant armour {unknown}
 t - 3 scrolls of amnesia {unknown}
Potions
 e - a potion of cancellation {unknown}
 f - 2 potions of mutation
 j - 2 potions of berserk rage
 n - a potion of might {unknown}
 o - a potion of haste {unknown}
 r - a potion of ambrosia {unknown}
 u - a potion of resistance {unknown}
 w - a potion of heal wounds {unknown}


   Skills:
 + Level 2.9 Fighting
 + Level 3.8 Short Blades
 + Level 4.3 Dodging
 + Level 5.7 Stealth
 + Level 3.5 Spellcasting
 + Level 1.9 Conjurations
 + Level 4.0 Hexes
 + Level 2.5 Ice Magic


You had 4 spell levels left.
You knew the following spells:

 Your Spells              Type           Power      Damage    Failure   Level
a - Corona                Hex            17%        N/A       3%          1
b - Ensorcelled Hibernat  Hex/Ice        28%        N/A       6%          2
c - Dazzling Flash        Conj/Hex       26%        N/A       14%         3
d - Confusing Touch       Hex            16%        N/A       10%         3

Your spell library contained the following spells:

 Spells                   Type           Power      Damage    Failure   Level
 Tukima's Dance           Hex            16%        N/A       10%         3


Dungeon Overview and Level Annotations

Branches:
Dungeon (4/15)
 Temple: D:4-7

Altars:
Fedhas
Gozag
Zin


Innate Abilities, Weirdness & Mutations

You are small and have problems with some larger weapons.
You are completely attuned to the shadows.


Message History

The necrophage completely misses you. The necrophage hits you.
You feel drained.
You closely miss the necrophage.
The necrophage is heavily damaged.
The necrophage closely misses you. The necrophage barely misses you.
You hit the necrophage. You burn the necrophage.
The necrophage is severely damaged.
The necrophage hits you.
You hit the necrophage but do no damage.
The necrophage is severely damaged.
The necrophage misses you. The necrophage hits you.
You feel drained.
You hit the necrophage. You burn the necrophage.
The necrophage is almost destroyed.
The necrophage closely misses you. The necrophage hits you.
You barely miss the necrophage.
The necrophage is severely damaged.
The necrophage hits you. The necrophage barely misses you.
You hit the necrophage. You burn the necrophage.
The necrophage is almost destroyed.
The necrophage hits you. x2; You feel drained.
* * * LOW HITPOINT WARNING * * *
You hit the necrophage but do no damage.
The necrophage is almost destroyed.
The necrophage hits you.
* * * LOW HITPOINT WARNING * * *
You completely miss the necrophage.
The necrophage is almost destroyed.
The necrophage hits you.
* * * LOW HITPOINT WARNING * * *
The necrophage misses you.
You hit the necrophage but do no damage.
The necrophage is almost destroyed.
The necrophage closely misses you.
The necrophage hits you but does no damage.
As you read the scroll of teleportation, it crumbles to dust.
You feel strangely unstable. The necrophage barely misses you.
The necrophage hits you!
* * * LOW HITPOINT WARNING * * *
You feel drained.
You die...

#####.##..)#....## .#
#.......)..## ##
#...........#
#####.#........##
......#......o.#......##
......##.......#.ZZn...#
...##.##.#...###.PP..Z.#
≈####.#..###..####..PP.#
≈≈# #....# #.Zon@n._PP.#
#≈####...# ##.####.PPP.#
≈..##...## ####..P....#
≈≈......# ###..#.......#
≈≈##...####....#......##
≈.).....##...#.#######
..#...>..#...#.......#
#.###..#....##.....###
####..#....###.......####


You could see 2 necrophages, an orc and a scorpion zombie.

Vanquished Creatures
  A black bear (D:4)
  2 scorpions (D:4)
  2 orc priests (D:4)
  5 orc wizards
  4 gnolls
  7 adders
  2 worms
  11 dart slugs
  18 orcs
  7 ball pythons
  9 bats
  9 endoplasms
  7 giant cockroaches
  5 goblins
  5 hobgoblins
  21 jackals
  4 quokkas
  2 frilled lizards
  4 kobolds
  7 rats
132 creatures vanquished.

Vanquished Creatures (others)
  3 bushes (D:4)
  13 plants (D:4)
16 creatures vanquished.

Grand Total: 148 creatures vanquished

Notes
Turn   | Place    | Note
-------+----------+-------------------------------------------
     0 | D:1      | voltaire321 the Kobold Enchanter began the quest for the
                  | Orb.
     0 | D:1      | Reached XP level 1. HP: 10/10 MP: 3/3
   445 | D:1      | Reached XP level 2. HP: 15/15 MP: 5/5
   448 | D:1      | Learned a level 2 spell: Ensorcelled Hibernation
   680 | D:1      | Reached skill level 1 in Fighting
   879 | D:1      | Found a faded altar of an unknown god.
  1147 | D:1      | Reached XP level 3. HP: 20/20 MP: 6/6
  1839 | D:2      | Reached skill level 1 in Ice Magic
  1839 | D:2      | Reached XP level 4. HP: 21/25 MP: 0/7
  2333 | D:2      | Reached XP level 5. HP: 29/29 MP: 8/8
  3089 | D:2      | Learned a level 3 spell: Dazzling Flash
  3890 | D:3      | Learned a level 3 spell: Confusing Touch
  3952 | D:3      | Reached XP level 6. HP: 21/35 MP: 2/10
  4645 | D:4      | Reached skill level 1 in Conjurations
  4649 | D:4      | Reached skill level 5 in Stealth
  4703 | D:4      | Noticed a black bear
  4734 | D:4      | Killed a black bear
  4737 | D:4      | Reached XP level 7. HP: 18/40 MP: 1/11
  5277 | D:4      | Found a blossoming altar of Fedhas.
  5645 | D:4      | Found an opulent altar of Gozag.
  6078 | D:4      | Found a glowing silver altar of Zin.
  6393 | D:4      | HP: 1/35 [necrophage (7)]
  6393 | D:4      | Slain by a necrophage

Illustrated notes

Levels and vault maps discovered:
D:1:      dpeg_arrival_more_subterranean_lakeside_camping, layout_basic,
          hellmonk_ecumenical_altar_arch_garden, minmay_misc_feat_roman,
          minmay_tall_x
D:2:      layout_loops_corners, minmay_increasing_density
D:3:      layout_loops_ring
D:4:      kennysheep_slugbush, layout_cave_pools,
          pdpol_temple_overflow_zin_treasury_gozag_greed,
          fedhas_altar_decomposition, chequers_jeans,
          hangedman_abyss_or_decor_stagger, grunt_ministairs_5

Skill      XL: |  1  2  3  4  5  6  7 |
---------------+----------------------+-----
Fighting       | 1 2 |  2.9
Short Blades   | 2 3 |  3.8
Dodging        | 3 4 |  4.3
Ice Magic      | 1 2 |  2.5
Spellcasting   | 3 |  3.5
Conjurations   | 1 |  1.9
Stealth        | 5 |  5.7
Hexes          | 4 |  4.0

Action                   |  1- 3 |  4- 6 |  7- 9 || total
-------------------------+-------+-------+-------++-------
Melee: Dagger            |    27 |       |       ||    27
       Short sword       |    35 |   219 |    94 ||   348
 Cast: Corona            |     6 |       |       ||     6
       Ensorcelled Hiber |     9 |    10 |     8 ||    27
  Use: Scroll            |       |     8 |     1 ||     9
       Potion            |       |     1 |     1 ||     2
 Stab: Sleeping          |    16 |    35 |     8 ||    59
       Distracted        |       |     2 |       ||     2
Armor: Robe              |    19 |    29 |    17 ||    65
Dodge: Dodged            |    51 |   132 |    63 ||   246

Table legend: (Time is in decaauts)
 A = Elapsed time spent in this place.
 B = Non-inter-level travel time spent in this place.
 C = Inter-level travel time spent in this place.
 D = Time resting spent in this place.
 E = Time spent auto-exploring this place.
 F = Levels seen in this place.
 G = Mean time per level.
                   A        B        C        D        E       F      G
               +--------+--------+--------+--------+--------+-----+--------+
         Total |   6402 |   6248 |    154 |   2019 |   3116 |   4 | 1600.5 |
       Dungeon |   6402 |   6248 |    154 |   2019 |   3116 |   4 | 1600.5 |
               +--------+--------+--------+--------+--------+-----+--------+

Top non-repeatable levels by time:
     D:4: 1916 daAuts
     D:1: 1739 daAuts
     D:2: 1400 daAuts
     D:3: 1345 daAuts
